 Dungeon Crawl Stone Soup version 0.31-a0-188-g5e087ee2ca (webtiles) character file.

Game seed: 14095457183093002086

44 lunkers the Cutter (level 4, 0/35 HPs)
             Began as a Meteoran Wanderer on June 23, 2023.
             Was an Initiate of Gozag.
             Slain by a sleepcap (4 damage)
             ... on level 4 of the Dungeon.
             The game lasted 00:02:28 (850 turns).

lunkers the Cutter (Meteoran Wanderer)               Turns: 850, Time: 00:02:29

Health: 0/35       AC:  3    Str: 15    XL:     4   Next: 10%
Magic:  7/7        EV: 11    Int: 14    God:    Gozag
Gold:   84         SH:  4    Dex: 13    Spells: 5/5 levels left

rFire   . . .        a - +2 dagger
rCold   . . .        c - +0 buckler
rNeg    . . .        e - +0 leather armour
rPois   .            (no helmet)
rElec   .            (no cloak)
rCorr   .            (no gloves)
SInv    .            (no boots)
Will    .....        (no amulet)
Stlth   +            (no ring)
HPRegen 0.25/turn    (no ring)
MPRegen 0.10/turn

%: no passive effects
@: glowing
A: sense surroundings 1, otherworldly, glowing, explore regen
a: Renounce Religion, Potion Petition, Call Merchant, Bribe Branch


You were on level 4 of the Dungeon.
You worshipped Gozag.
Gozag was noncommittal.
You visited 1 branch of the dungeon, and saw 4 of its levels.

You collected 127 gold pieces.
You paid 43 gold pieces to Gozag.

Inventory:

Hand Weapons
 a - a +2 dagger (weapon)
Missiles
 b - 2 curare-tipped darts
Armour
 c - a +0 buckler (worn)
 e - a +0 leather armour (worn)
Jewellery
 l - an amulet of regeneration
Scrolls
 d - a scroll of fear
 f - a scroll of enchant armour {unknown}
 i - a scroll of fog {unknown}
 j - a scroll of teleportation {unknown}
 k - a scroll of vulnerability {unknown}
 n - 2 scrolls of identify {unknown}
 q - a scroll of poison {unknown}
Potions
 g - 2 potions of brilliance {unknown}
 h - a potion of haste {unknown}
 m - 2 potions of might {unknown}
 o - a potion of cancellation {unknown}
 p - a potion of curing {unknown}


   Skills:
 - Level 1.1 Fighting
 + Level 3.4 Short Blades
 - Level 2.4 Throwing
 - Level 1.2 Dodging
 - Level 2.4 Shields
 - Level 1.3 Spellcasting
 - Level 2.4 Air Magic
 - Level 1.2 Evocations


You had 5 spell levels left.
You didn't know any spells.
Your spell library contained the following spells:

 Spells                   Type           Power      Damage    Failure   Level
 Poisonous Vapours        Pois/Air       8%         N/A       36%         2
 Cigotuvi's Dreadful Rot  Necr/Pois/Air  6%         N/A       43%         2
 Hailstorm                Conj/Ice       0%         3d3       77%         3
 Ice Form                 Ice/Tmut       0%         N/A       99%         4
 Simulacrum               Ice/Necr       Unusable   N/A       N/A         6

Dungeon Overview and Level Annotations

Branches:
Dungeon (4/15) Zot: 1557
 Temple: D:4-7

Altars:
Cheibriados
Gozag
Uskayaw
Yredelemnul


Innate Abilities, Weirdness & Mutations

You passively map a small area around you.
You are easily found by Zot.
You glow in the dark.
You regain HP and MP as you explore.


Message History

The sleepcap releases spores at you.
You completely miss the sleepcap. You hit the sleepcap but do no damage.
The sleepcap releases spores at you.
You are engulfed in a cloud of soporific spores!
You fall asleep.
The sleepcap releases spores at you!
You wake up.
* * * LOW HITPOINT WARNING * * *
You are engulfed in a cloud of soporific spores!
You are unaffected.
You hit the sleepcap.
The sleepcap is lightly damaged.
The sleepcap releases spores at you.
* * * LOW HITPOINT WARNING * * *
You are engulfed in a cloud of soporific spores!
You are unaffected.
You hit the sleepcap.
The sleepcap is moderately damaged.
You block the sleepcap's attack.
Unknown command.
You hit the sleepcap but do no damage.
The sleepcap is moderately damaged.
The sleepcap misses you.
Unknown command.
You hit the sleepcap but do no damage.
The sleepcap is moderately damaged.
The sleepcap releases spores at you but does no damage.
Unknown command.
You hit the sleepcap.
The sleepcap is heavily damaged.
The sleepcap releases spores at you.
* * * LOW HITPOINT WARNING * * *
You are engulfed in a cloud of soporific spores!
You fall asleep.
The sleepcap releases spores at you.
You wake up.
* * * LOW HITPOINT WARNING * * *
You hit the sleepcap but do no damage.
The sleepcap is heavily damaged.
The sleepcap releases spores at you.
You die...
Your body crumbles into a pile of gold.

, #########.#
#.........#
#.........# *
#.........# ,
* *
#.........# ,
# +.........#
#.##.....(...#
,
#.....<......#
####.@.......#
*, ,
#f........# ,
#####....## *
* ,, ..### * *
,,,..# , ,.# *
* .# * , , *


You could see a sleepcap.

Vanquished Creatures
  An adder (D:2)
  2 dart slugs
  2 bats
  3 endoplasms
  2 giant cockroaches
  6 goblins
  4 hobgoblins
  2 kobolds
  A ball python (D:3)
  4 frilled lizards
  2 rats (D:1)
29 creatures vanquished.

Notes
Turn   | Place    | Note
-------+----------+-------------------------------------------
     0 | D:1      | lunkers the Meteoran Wanderer began the quest for the Orb.
     0 | D:1      | lunkers set off with the following items: a +2 dagger, 2
                  | curare-tipped darts, a +0 buckler, a scroll of fear, a +0
                  | leather armour; and the following spells available to
                  | memorise: Poisonous Vapours, Cigotuvi's Dreadful Rot.
     0 | D:1      | Reached XP level 1. HP: 16/16 MP: 3/3
   173 | D:1      | Reached skill level 1 in Short Blades
   175 | D:1      | Reached XP level 2. HP: 18/23 MP: 5/5
   227 | D:1      | Reached skill level 2 in Short Blades
   330 | D:2      | Reached XP level 3. HP: 28/28 MP: 6/6
   484 | D:2      | Reached skill level 3 in Short Blades
   577 | D:3      | Found a snail-covered altar of Cheibriados.
   577 | D:3      | Noticed a torpor snail
   600 | D:3      | Reached XP level 4. HP: 16/35 MP: 7/7
   603 | D:3      | Found an opulent altar of Gozag.
   611 | D:3      | Became a worshipper of Gozag Ym Sagoz the Greedy
   702 | D:3      | Found a faded altar of an unknown god.
   744 | D:3      | Found a hide-covered altar of Uskayaw.
   763 | D:3      | Found a basalt altar of Yredelemnul.
   850 | D:4      | Slain by a sleepcap

Illustrated notes

Levels and vault maps discovered:
D:1:      beargit_arrival_greenhouse, layout_loops_ring, minmay_splitting_lines
D:2:      layout_loops_ring, serial_shops,
          nicolae_shop_temple_entry_statues_fountains,
          nicolae_kite_square_tiling_tiny
D:3:      cheibrodos_fertilizer, layout_rooms, nicolae_uskayaw_suspiria,
          cheibriados_altar_2, grunt_gozag_statues,
          mainiacjoe_overflow_24_doors, mainiacjoe_overflow_alcove_4,
          ebering_ecumenical_altar_ruins
D:4:      layout_basic, mainiacjoe_overflow_concentric_impassable, uniq_duvessa

Skill      XL: |  1  2  3 |
---------------+----------+-----
Short Blades   | 1 2 3 |  3.4
Fighting       | |  1.1
Throwing       | |  2.4
Dodging        | |  1.2
Shields        | |  2.4
Spellcasting   | |  1.3
Air Magic      | |  2.4
Evocations     | |  1.2

Action                     |  1- 3 |  4- 6 || total
---------------------------+-------+-------++-------
  Melee: Dagger            |    95 |    16 ||   111
 Armour: Leather armour    |    23 |     2 ||    25
  Dodge: Dodged            |    34 |     3 ||    37
  Block: Buckler           |    12 |     1 ||    13

Table legend: (Time is in decaauts)
 A = Elapsed time spent in this place.
 B = Non-inter-level travel time spent in this place.
 C = Inter-level travel time spent in this place.
 D = Time resting spent in this place.
 E = Time spent auto-exploring this place.
 F = Levels seen in this place.
 G = Mean time per level.
                   A        B        C        D        E       F      G
               +--------+--------+--------+--------+--------+-----+--------+
         Total |    842 |    781 |     61 |      0 |    536 |   4 |  210.5 |
       Dungeon |    842 |    781 |     61 |      0 |    536 |   4 |  210.5 |
               +--------+--------+--------+--------+--------+-----+--------+

Top non-repeatable levels by time:
     D:1: 323 daAuts
     D:3: 286 daAuts
     D:2: 222 daAuts
     D:4: 10 daAuts
